Map: Newkirk Precinct TE (Void)

Players

Railgan

  • Race: Terran Terran
  • League: Grandmaster
  • Spawn Location: 5:00

Azocyclin - Winner!

  • Race: Terran Terran
  • League: Master
  • Spawn Location: 7:00

VOD

Have the link to the VOD?

Description

Time

  • Played on: March 4, 2017, 1 p.m.
  • Length: 14:29
Show
View Real Time Build Order
Export as new Build Order

Railgan Terran 

Build Orders: 1/1/1, Cyclone Opening, Mech 

Get SALT Encoding   

  12  0:01  SCV  
  13  0:13  SCV  
  14  0:18  Supply Depot  
  14  0:25  SCV  
  15  0:40  SCV  
  15  0:41  Barracks  
  16  0:46  Refinery  
  16  0:52  SCV  
  16  0:55  Refinery  
  17  1:04  SCV  
  18  1:16  SCV  
  19  1:28  Marine  
  19  1:30  Orbital Command  
  20  1:38  Factory  
  20  1:46  Marine  
  21  1:47  Supply Depot  
  21  1:55  SCV  
  22  2:07  SCV  
  23  2:08  Marine  
  24  2:20  SCV  
  25  2:23  Cyclone  
  25  2:26  Marine  
  25  2:27  Starport  
  29  2:32  SCV  
  30  2:42  Supply Depot  
  30  2:44  SCV  
  31  2:49  Liberator  
  31  2:50  Barracks Tech Lab  
  31  3:04  Cyclone, SCV  
  38  3:13  Supply Depot  
  38  3:16  SCV  
  39  3:26  Barracks Reactor  
  39  3:40  Command Center  
  39  3:42  SCV  
  39  3:52  Viking  
  41  3:56  Siege Tank  
  41  4:01  Engineering Bay  
  44  4:08  SCV  
  44  4:09  Supply Depot  
  45  4:19  Factory  
  45  4:31  SCV  
  46  4:34  Siege Tank  
  49  4:43  SCV  
  49  4:44  Missile Turret  
  50  4:55  SCV  
  50  4:57  Viking  
  53  5:03  Viking  
  55  5:07  SCV  
  55  5:11  Orbital Command  
  56  5:19  SCV  
  57  5:24  Factory Reactor  
  57  5:31  Refinery, SCV  
  57  5:32  Refinery  
  58  5:37  SCV  
  59  5:43  SCV  
  59  5:47  Siege Tank  
  59  5:49  SCV  
  64  5:55  SCV  
  65  6:00  Supply Depot  
  65  6:01  Hellion  
  65  6:02  SCV  
  65  6:03  Supply Depot  
  68  6:07  SCV  
  69  6:14  SCV  
  70  6:22  Hellion  
  72  6:27  Sensor Tower  
  70  6:39  Viking x2  
  72  6:48  SCV x2  
  72  6:53  Factory  
  74  6:55  Factory  
  74  6:56  Armory x2  
  74  7:00  SCV x2  
  76  7:08  Command Center  
  76  7:09  Hellion  
  76  7:12  SCV  
  76  7:15  Siege Tank  
  82  7:17  Hellion  
  82  7:18  SCV  
  85  7:31  Missile Turret  
  85  7:32  Missile Turret  
  85  7:36  Missile Turret  
  85  7:38  Missile Turret  
  85  7:41  Factory Tech Lab  
  85  7:42  Factory Reactor  
  85  7:46  Terran Vehicle Weapons Level 1  
  85  7:47  Terran Vehicle And Ship Armor Level 1  
  85  7:54  Missile Turret  
  85  7:58  Missile Turret  
  85  8:01  Hi-Sec Auto Tracking  
  85  8:04  Missile Turret  
  85  8:07  SCV  
  86  8:20  SCV  
  87  8:30  Viking  
  87  8:32  Siege Tank  
  77  8:37  Viking  
  77  8:38  SCV  
  77  8:39  SCV  
  76  8:46  Command Center  
  75  8:56  Hellion x4  
  78  9:05  Orbital Command  
  78  9:06  Viking  
  80  9:10  SCV x2  
  80  9:13  Refinery  
  82  9:18  Siege Tank  
  82  9:21  Liberator x2  
  82  9:22  SCV  
  82  9:23  Refinery  
  86  9:26  SCV  
  87  9:34  SCV  
  87  9:35  SCV  
  87  9:38  SCV  
  90  9:45  Terran Vehicle Weapons Level 2  
  96  9:46  SCV  
  96  9:48  Starport, SCV  
  96  9:51  Terran Vehicle And Ship Armor Level 2  
  99  9:52  SCV  
  99  9:59  Supply Depot x2  
  99  10:01  Supply Depot, Orbital Command  
  95  10:21  Viking  
  95  10:22  Viking  
  95  10:25  Starport Reactor  
  99  10:33  Siege Tank  
  99  10:34  Siege Tank, Hellion x3  
  111  10:36  Hellion  
  111  10:39  SCV  
  114  10:51  Supply Depot  
  114  10:54  Viking x2  
  114  10:55  Factory  
  97  11:04  Viking x2  
  97  11:05  Siege Tank  
  97  11:06  Siege Tank  
  79  11:17  Hellion  
  79  11:18  Hellion x2  
  82  11:32  Viking x2  
  73  11:34  Viking  
  73  11:38  Siege Tank x2  
  83  11:45  SCV  
  78  11:49  Hellion x3  
  78  11:51  Factory Tech Lab  
  82  11:56  Viking  
  77  12:09  Thor  
  77  12:13  Siege Tank, Hellion x2  
  77  12:14  Hellion x2  
  82  12:35  Hellion  
  84  12:44  Thor  
  87  12:52  Thor  
  87  12:53  Hellion x2  
  91  13:21  Hellion  
  91  13:22  Hellion x2, Viking  
  94  13:28  Siege Tank  
  94  13:31  Viking  
  94  13:33  Orbital Command  
  99  13:35  Siege Tank  
  102  13:57  Viking  
  102  13:59  SCV x3  
  110  14:11  SCV  
  104  14:20  Refinery  
Show
View Real Time Build Order
Export as new Build Order

Azocyclin Terran - Winner!

Build Orders: 1/1/1, Cyclone Opening, MMM Bio 

Get SALT Encoding   

  12  0:01  SCV  
  13  0:13  SCV  
  14  0:17  Supply Depot  
  14  0:25  SCV  
  15  0:29  Refinery  
  15  0:39  SCV  
  16  0:46  Barracks  
  16  0:51  SCV  
  17  0:58  Refinery  
  17  1:03  SCV  
  18  1:15  SCV  
  19  1:32  Orbital Command  
  19  1:33  Reaper  
  19  1:36  Factory  
  20  1:44  Supply Depot  
  20  1:58  SCV  
  21  2:05  Reaper  
  22  2:10  SCV  
  22  2:15  Supply Depot  
  23  2:21  Starport  
  23  2:28  Cyclone  
  26  2:32  SCV  
  27  2:44  Barracks Tech Lab  
  27  2:45  SCV  
  27  2:57  SCV  
  28  3:12  SCV  
  29  3:14  Raven, Command Center  
  29  3:18  Barracks Reactor, Factory Tech Lab  
  31  3:25  Supply Depot  
  31  3:29  SCV  
  32  3:40  Siege Tank  
  32  3:41  SCV  
  36  3:54  SCV  
  37  4:06  SCV  
  37  4:09  Marine  
  39  4:10  Stimpack  
  39  4:12  Viking  
  41  4:18  Bunker  
  41  4:20  SCV  
  42  4:28  Orbital Command  
  42  4:30  Marine  
  43  4:32  SCV  
  43  4:36  Siege Tank  
  47  4:44  SCV  
  48  4:48  Engineering Bay  
  48  4:55  SCV  
  48  4:56  Marine, SCV  
  48  4:57  Viking  
  53  5:00  Supply Depot  
  54  5:07  SCV  
  54  5:08  SCV  
  55  5:16  Marine  
  55  5:19  SCV  
  55  5:21  SCV, Terran Infantry Weapons Level 1  
  57  5:28  Command Center  
  58  5:32  Viking  
  58  5:34  Marine, SCV  
  62  5:37  Refinery  
  62  5:42  Supply Depot  
  62  5:44  SCV  
  62  5:46  SCV  
  62  5:49  Barracks  
  64  5:53  Barracks  
  64  5:57  Barracks  
  64  6:00  Barracks  
  64  6:02  Marine  
  65  6:06  Viking  
  65  6:08  SCV x2  
  69  6:12  Refinery  
  69  6:14  Combat Shields  
  69  6:20  Marine, SCV x2  
  69  6:24  Supply Depot  
  68  6:38  Marine  
  69  6:43  Barracks Reactor  
  65  6:54  Barracks Reactor  
  65  6:56  Siege Tank, Viking x2  
  65  6:57  SCV x2, Orbital Command  
  65  7:00  Barracks Reactor  
  74  7:01  Barracks Reactor  
  74  7:04  Marine  
  75  7:09  SCV x2  
  75  7:10  Supply Depot x2  
  77  7:19  Terran Infantry Armor Level 1  
  77  7:22  Marine, SCV x2  
  80  7:25  Marine x2  
  80  7:27  Orbital Command  
  82  7:30  Marine x2  
  82  7:31  Supply Depot  
  82  7:32  Siege Tank  
  82  7:36  Marine x2  
  82  7:37  Marine  
  89  7:40  Marine  
  89  7:43  Marine x3  
  94  7:44  Viking  
  94  7:45  Viking  
  94  7:46  SCV  
  94  7:50  SCV  
  100  7:51  Marine  
  100  7:56  SCV  
  100  7:58  SCV  
  103  7:59  Marine x3  
  103  8:00  Marine  
  103  8:04  Armory  
  107  8:06  SCV  
  107  8:08  SCV  
  107  8:09  Marine x2  
  107  8:10  Marine  
  106  8:28  Marine  
  106  8:29  Marine x3, Marauder  
  106  8:30  Marine x2  
  91  8:50  Marauder  
  91  8:58  Marine  
  91  8:59  Marine x7  
  96  9:05  Siege Tank  
  99  9:10  Viking x2  
  99  9:11  Marauder  
  99  9:14  Starport  
  99  9:15  Barracks x2  
  99  9:16  Marine, Terran Infantry Weapons Level 2  
  106  9:17  Marine x5  
  106  9:19  Terran Vehicle Weapons Level 1  
  106  9:20  Marine x2, Engineering Bay, Command Center  
  106  9:23  SCV x2  
  106  9:24  SCV  
  116  9:32  Marine  
  116  9:34  Marine  
  116  9:35  Marine x2  
  116  9:38  Marine x4  
  121  9:42  Sensor Tower  
  124  9:47  Siege Tank, Supply Depot  
  124  9:49  Supply Depot  
  124  9:50  Terran Infantry Armor Level 2  
  127  9:53  Starport Reactor  
  127  9:56  Supply Depot  
  127  10:00  Liberator  
  127  10:01  Liberator  
  132  10:22  Marine, Marauder, Barracks Tech Lab, Barracks Reactor  
  132  10:23  Marine x2  
  137  10:36  Marine  
  137  10:37  Marine x4  
  137  10:38  Siege Tank  
  137  10:40  Marine x2  
  137  10:42  Refinery x2  
  146  10:43  Marauder  
  148  10:51  Marine, Marauder  
  148  10:54  Marine, Viking x2  
  148  10:55  Marine x4  
  160  10:58  Marine  
  147  11:04  Marauder  
  141  11:13  Marine x3, Marauder  
  141  11:14  Marine x6  
  141  11:16  Marine  
  152  11:25  Marine  
  141  11:27  Siege Tank  
  141  11:30  Marine  
  141  11:31  Marine  
  143  11:33  Marine  
  143  11:34  Marine x7  
  147  11:48  Viking x3  
  153  11:55  Marine  
  153  11:56  Marauder  
  153  11:58  Orbital Command  
  153  12:00  Marine  
  123  12:32  Marine x3, Marauder  
  128  12:43  Marine x7, Marauder  
  137  12:49  Marine  
  137  12:50  Marine x2  
  140  12:53  Marine  
  140  12:55  Liberator x2  
  140  12:57  Liberator x2  
  141  13:01  Marine x3  
  141  13:04  Marauder  
  125  13:05  Marine  
  125  13:06  Marine x3  
  125  13:07  Marine  
  125  13:08  Marine x2  
  125  13:11  Marauder  
  137  13:18  Marine  
  137  13:19  Marine  
  148  13:25  Marine  
  148  13:26  Marine, Marauder  
  149  13:29  Concussive Shells  
  149  13:32  Marauder  
  151  13:47  Marauder  
  153  13:50  Marine x6  
  153  13:51  Marine x4  
  153  13:53  Siege Tank  
  153  13:54  Marauder  
  165  14:08  Marine x3  
Tags
 
Add a new tag
Caveats
  • Supply blocks, unpowered buildings, or Contaminate may cause inaccurate times.
  • Supply counts are checked every 10 seconds.